 Dungeon Sprint DCSS version 0.21.0-24-g2553a33 (webtiles) character file.

143 wojtek the Cleaver (level 5, -15/51 HPs)
             Began as a Minotaur Berserker on Jan 21, 2018.
             Was an Elder of Trog.
             Killed from afar by a deep elf mage (31 damage)
             ... with a stone arrow
             ... in the Dungeon (Sprint III: "The Ten Rune Challenge").
             The game lasted 00:00:53 (552 turns).

wojtek the Cleaver (Minotaur Berserker)              Turns: 552, Time: 00:00:55

Health: -15/51     AC:  2    Str: 22    XL:     5   Next: 4%
Magic:  4/4        EV: 14    Int:  4    God:    Trog [****..]
Gold:   24         SH:  0    Dex: 10    Spells: 4/4 levels left

rFire    . . .     SeeInvis .   a - +0 hand axe
rCold    . . .     Gourm    .   (no shield)
rNeg     . . .     Faith    .   b - +0 animal skin
rPois    .         Spirit   .   (helmet restricted)
rElec    .         Reflect  .   (no cloak)
rCorr    .         Harm     .   (no gloves)
MR       .....     NoTele   +   (no boots)
Stlth    +.........             (no amulet)
HPRegen  0.17/turn              (no ring)
MPRegen  0.09/turn              (no ring)

@: no status effects
A: retaliatory headbutt, horns 2
a: Berserk, Trog's Hand, Brothers in Arms, Burn Spellbooks, Renounce Religion


You were in the Dungeon.
You worshipped Trog.
Trog was greatly pleased with you.
You were not hungry.

You visited 1 branch You collected 24 gold pieces.

Inventory:

Hand Weapons
 a - a +0 hand axe (weapon)
Armour
 b - a +0 animal skin (worn)
Scrolls
 i - a scroll of blinking
 l - 2 scrolls of torment {unknown}
 m - 6 scrolls of identify
Potions
 d - a potion of curing
 e - 2 potions of heal wounds
 f - a potion of haste
 g - 2 potions of magic
 h - a potion of berserk rage
 k - 4 potions of mutation {unknown}
 n - a potion of flight {unknown}
Books
 o - a book of Cantrips

   Spells                             Type                      Level
   a - Confusing Touch                Hexes                        1
   b - Animate Skeleton               Necromancy                   1
   c - Summon Small Mammal            Summoning                    1
   d - Apportation                    Translocation                1
   Trog disapproves of the use of such an item.
Comestibles
 c - 3 rations
 j - 2 chunks of flesh


   Skills:
 + Level 6.5 Fighting
 * Level 8.5 Axes
 + Level 5.8 Armour
 + Level 5.3 Dodging


You had 4 spell levels left.
You didn't know any spells.

Dungeon Overview and Level Annotations

Branches:
Dungeon (1/1)

Altars:
Elyvilon
Kikubaaqudgha
Sif Muna
Vehumet
Zin
The Shining One


Innate Abilities, Weirdness & Mutations

You reflexively headbutt those who attack you in melee.
You have a pair of horns on your head.


Message History

A deep elf mage comes into view.
It is wielding a long sword of holy wrath.
The deep elf mage shouts!
The deep elf mage picks up a potion of curing.
Found two altars.
There is an open door here.
Drop what? 16/52 slots (_ for help) (? for menu, Esc to quit)
You drop a book of Cantrips.
The deep elf mage points at you and mumbles some strange words.
The bolt of magma hits you!
Ouch! That really hurt!
* * * LOW HITPOINT WARNING * * *
The spellbook bursts into flames.
Trog is delighted!
You can now call in reinforcements.
You hit the deep elf mage.
The deep elf mage is lightly wounded.
The deep elf mage is engulfed in blazing flames.
The deep elf mage casts a spell at you. The stone arrow hits you!
Ouch! That really hurt!
You die...

▓▓▓▓▓ ▓▓▓ #)..####
##.#####
#......#####..#___#
#.......#..#..#e..#
##.##...#..#..###e#+###+
##.###..##'#..#.@........
###.##..###...'.⌠........
#..##..####...#...######+
...##..###....#.⌠.#
..##...##.....#...#
.##....#......#'###
###..##.#.....#)).# #
#..#####....#___# ▓ ▓▓▓▓
▓▓▓▓▓▓▓▓▓▓


You could see a deep elf mage.

Vanquished Creatures
  A water elemental (D)
  A wizard (D)
  A human (D)
  A kobold demonologist (D)
  A wolf (D)
  An ooze (D)
  3 rats (D)
9 creatures vanquished.

Vanquished Creatures (others)
  2 draconian scorchers (D)
  A yaktaur (D)
  6 hellions (D)
9 creatures vanquished.

Grand Total: 18 creatures vanquished

Notes
Turn   | Place    | Note
-------+----------+-------------------------------------------
     0 | D        | wojtek the Minotaur Berserker began the quest for the Orb.
     0 | D        | Reached XP level 1. HP: 19/19 MP: 0/0
    12 | D        | Reached skill level 4 in Axes
    17 | D        | Killed a yaktaur
   113 | D        | Killed a hellion
   114 | D        | Killed a hellion
   139 | D        | Killed a hellion
   141 | D        | Killed a hellion
   151 | D        | Killed a white draconian scorcher
   184 | D        | Reached ** piety under Trog
   222 | D        | Killed a white draconian scorcher
   224 | D        | Killed a hellion
   247 | D        | Noticed a wolf
   253 | D        | Killed a wolf
   253 | D        | Reached skill level 5 in Axes
   253 | D        | Reached XP level 2. HP: 26/28 MP: 1/1
   257 | D        | Reached skill level 5 in Fighting
   257 | D        | Reached skill level 6 in Axes
   257 | D        | Reached XP level 3. HP: 26/36 MP: 2/2
   304 | D        | Killed a hellion
   374 | D        | Noticed a water elemental
   379 | D        | Killed a water elemental
   379 | D        | Reached *** piety under Trog
   379 | D        | Reached skill level 7 in Axes
   379 | D        | Reached skill level 5 in Armour
   379 | D        | Reached XP level 4. HP: 44/44 MP: 3/3
   447 | D        | Found a radiant altar of Vehumet.
   447 | D        | Found a deep blue altar of Sif Muna.
   447 | D        | Found an ancient bone altar of Kikubaaqudgha.
   447 | D        | Noticed a wizard
   450 | D        | Killed a wizard
   450 | D        | Reached skill level 8 in Axes
   450 | D        | Reached skill level 5 in Dodging
   451 | D        | Reached XP level 5. HP: 51/51 MP: 4/4
   545 | D        | Found a glowing silver altar of Zin.
   546 | D        | Found a glowing golden altar of the Shining One.
   546 | D        | Found a white marble altar of Elyvilon.
   546 | D        | Noticed a deep elf mage
   551 | D        | Reached **** piety under Trog
   552 | D        | Killed from afar by a deep elf mage

Skill      XL: |  1  2  3  4 |
---------------+-------------+-----
Fighting       | 4 5 6 |  6.5
Axes           | 5 6 7 8 |  8.5
Armour         | 3 4 5 |  5.8
Dodging        | 3 4 5 |  5.3

Action                   |  1- 3 |  4- 6 || total
-------------------------+-------+-------++-------
Melee: Hand axe          |    23 |     3 ||    26
       Headbutt          |     2 |       ||     2
Invok: Berserk           |     2 |     1 ||     3
       Burn Spellbooks   |       |     1 ||     1
  Eat: Chunk             |       |     2 ||     2
Armor: Animal skin       |     4 |       ||     4
Dodge: Dodged            |     6 |       ||     6
